 Dungeon Crawl Stone Soup version 0.30.1-9-gdf580d7c3d (webtiles) character file.

Game seed: 16458210207555335249

234 monsoonserge the Cudgeller (level 6, -2/52 HPs)
             Began as a Meteoran Monk on Oct 21, 2023.
             Was a Believer of Wu Jian.
             Killed from afar by an orc wizard (6 damage)
             ... with a puff of flame
             ... on level 4 of the Dungeon.
             The game lasted 00:09:28 (1715 turns).

monsoonserge the Cudgeller (Meteoran Monk)          Turns: 1715, Time: 00:09:29

Health: -2/52      AC:  5    Str: 14    XL:     6   Next: 51%
Magic:  7/7        EV: 11    Int: 11    God:    Wu Jian [**....]
Gold:   84         SH:  8    Dex: 18    Spells: 5/5 levels left

rFire   . . .        k - +2 whip (distort)
rCold   . . .        o - +0 kite shield
rNeg    . . .        g - +0 ring mail
rPois   .            (no helmet)
rElec   .            (no cloak)
rCorr   .            (no gloves)
SInv    .            (no boots)
Will    .....        (no amulet)
Stlth   +            l - ring of flight
HPRegen 0.28/turn    (no ring)
MPRegen 0.10/turn

%: no passive effects
@: flying, glowing
A: sense surroundings 1, otherworldly, glowing, explore regen
a: Renounce Religion, Wall Jump


You were on level 4 of the Dungeon.
You worshipped Wu Jian.
Wu Jian was pleased with you.
You visited 2 branches of the dungeon, and saw 5 of its levels.

You collected 140 gold pieces.
You spent 56 gold pieces at shops.

Inventory:

Hand Weapons
 a - a +0 falchion
 k - a +2 whip of distortion (weapon)
Missiles
 t - 8 poisoned darts (quivered)
Armour
 g - a +0 ring mail (worn)
 o - a +0 kite shield (worn)
 r - a +0 chain mail
Jewellery
 l - a ring of flight (left hand)
Wands
 y - a wand of roots (2)
Scrolls
 e - a scroll of vulnerability {unknown}
 f - a scroll of enchant armour {unknown}
 h - a scroll of identify {unknown}
 n - a scroll of immolation {unknown}
 s - a scroll of teleportation
 u - 2 scrolls of fear {unknown}
 v - a scroll of noise {unknown}
 w - a scroll of poison {unknown}
 x - a scroll of magic mapping {unknown}
Potions
 c - a potion of ambrosia
 j - 2 potions of mutation {unknown}
 m - a potion of haste
 p - a potion of heal wounds {unknown}
 q - 2 potions of curing


   Skills:
 + Level 4.1 Fighting
 - Level 3.9 Long Blades
 * Level 4.7 Maces & Flails
 + Level 2.1 Armour
 + Level 4.6 Dodging
 + Level 1.3 Shields


You had 5 spell levels left.
You didn't know any spells.
Your spell library contained the following spells:

 Spells                   Type           Power      Damage    Failure   Level
 Shock                    Conj/Air       0%         1d3       95%         1
 Ensorcelled Hibernation  Hex/Ice        0%         N/A       98%         2
 Poisonous Vapours        Pois/Air       0%         N/A       98%         2
 Inner Flame              Hex/Fire       0%         N/A       100%        3
 Mephitic Cloud           Conj/Pois/Air  0%         N/A       100%        3
 Spider Form              Tmut/Pois      0%         N/A       100%        3
 Swiftness                Air            0%         N/A       100%        3
 Airstrike                Air            0%         2d(0-16)  100%        4
 Anguish                  Hex/Necr       0%         N/A       100%        4
 Flame Wave               Conj/Fire      0%         2d4       100%        4
 Sticky Flame             Conj/Fire      0%         2d3       100%        4
 Blade Hands              Tmut           0%         N/A       100%        5
 Freezing Cloud           Conj/Ice/Air   0%         6-21      100%        5
 Irradiate                Conj/Tmut      0%         3d11      100%        5
 Dragon Form              Tmut           0%         N/A       100%        7


Dungeon Overview and Level Annotations

Branches:
Dungeon (4/15) Zot: 968    Temple (1/1) D:4 Zot: 318

Altars:
Ashenzari
Cheibriados
Dithmenos
Elyvilon
Fedhas
Gozag
Hepliaklqana
Kikubaaqudgha
Nemelex Xobeh
Okawaru
Qazlal
Ru
Sif Muna
Trog
Vehumet
Wu Jian
Xom
Yredelemnul
Zin
The Shining One

Shops:
D:2 !


Innate Abilities, Weirdness & Mutations

You passively map a small area around you.
You are easily found by Zot.
You glow in the dark.
You regain HP and MP as you explore.


Message History

A magic dart appears from out of thin air!
The magic dart hits you.
* * * LOW HITPOINT WARNING * * *
The orc wizard hits you but does no damage.
Unknown command.
You spin and attack the orc.
You whack the orc!
The orc is almost dead.
You spin and attack the orc wizard.
You barely miss the orc wizard.
The orc blinks!
You hear some strange, mumbled words.
Something tries to affect you, but you resist.
The orc wizard hits you with a +0 dagger.
* * * LOW HITPOINT WARNING * * *
Unknown command.
You spin and attack the ball python.
You closely miss the ball python.
You spin and attack the orc wizard.
You hit the orc wizard.
Space warps around the orc wizard.
The orc wizard is moderately wounded.
The ball python bites you.
* * * LOW HITPOINT WARNING * * *
The ball python grabs you. The ball python constricts you.
* * * LOW HITPOINT WARNING * * *
Something hits you but does no damage. You block the orc's attack.
The orc wizard hits you with a +0 dagger.
* * * LOW HITPOINT WARNING * * *
Unknown command.
You escape the ball python's grasp.
You spin and attack the ball python.
You hit the ball python.
Space warps around the ball python.
You kill the ball python!
The Council accepts your kill.
You spin and attack the orc wizard.
You hit the orc wizard.
Space warps horribly around the orc wizard!
You kill the orc wizard!
The Council accepts your kill.
The orc hits you from afar with a +0 trident.
* * * LOW HITPOINT WARNING * * *
You hear some strange, mumbled words.
A puff of flame appears from out of thin air!
The puff of flame hits you.
You die...

.....##?.....#.
#..........#... *
..............## *, * *
*##........#.... # . *
.........o#..###.#.. ., *
..........#..#...... .. ,
..........oJ......##.###.#
,
.......).††){..#......##.#
..........@.#### #.#.##.##
, .........)!## #.#...... ,
...........# #........ ,
.###..#....#########.......
#...#....................
...###.#.#######...#....##
, ..#.
...#.[.......###..###. * *
#.# #.###.#..###### #..#...
*,........#...# ####.<.


You could see a jelly and 2 orcs.

Vanquished Creatures
  2 hounds
  An orc priest (D:4)
  Ijyb (D:3)
  An orc wizard (D:4)
  2 adders
  3 gnolls (D:2)
  A worm (D:4)
  A dart slug (D:2)
  An orc (D:3)
  6 ball pythons
  4 endoplasms
  8 goblins
  8 hobgoblins
  4 jackals
  3 kobolds
  3 quokkas
  6 bats
  2 frilled lizards
  4 rats
  A spectral kobold (D:1)
62 creatures vanquished.

Notes
Turn   | Place    | Note
-------+----------+-------------------------------------------
     0 | D:1      | monsoonserge the Meteoran Monk began the quest for the Orb.
     0 | D:1      | Reached XP level 1. HP: 19/19 MP: 2/2
    92 | D:1      | Found a faded altar of an unknown god.
   169 | D:1      | Reached XP level 2. HP: 23/26 MP: 3/3
   356 | D:1      | Reached XP level 3. HP: 31/31 MP: 4/4
   442 | D:2      | Reached skill level 1 in Maces & Flails
   468 | D:2      | Reached XP level 4. HP: 7/40 MP: 5/5
   641 | D:2      | Found Isenaxin's Distillery.
   654 | D:2      | Bought a potion of curing for 42 gold pieces
   654 | D:2      | Bought a potion of degeneration for 14 gold pieces
   755 | D:2      | Reached skill level 1 in Armour
   755 | D:2      | Reached XP level 5. HP: 30/46 MP: 6/6
  1163 | D:3      | Noticed Ijyb
  1174 | D:3      | Killed Ijyb
  1293 | D:3      | Reached XP level 6. HP: 52/52 MP: 7/7
  1315 | D:4      | Reached skill level 1 in Shields
  1337 | D:4      | Found a staircase to the Ecumenical Temple.
  1343 | Temple   | Entered the Ecumenical Temple
  1571 | Temple   | Became a worshipper of the Wu Jian Council
  1571 | Temple   | Reached * piety under Wu Jian
  1571 | Temple   | Reached ** piety under Wu Jian
  1715 | D:4      | Killed from afar by an orc wizard

Illustrated notes

Levels and vault maps discovered:
D:1:      evilmike_arrival_crescent, layout_loops_cross,
          dreamdust_ecumenical_altar_drowned_temple
D:2:      layout_loops_ring, serial_shops, nicolae_shop_advertising_works
          [nicolae_subvault_shop_adworks], minmay_circle_x, uniq_terence
D:3:      layout_loops_ring, uniq_ijyb
D:4:      layout_rooms, temple_green, hangedman_abyss_or_decor_stabs,
          grunt_ministairs_12
Temple:   mainiacjoe_temple_big_plus

Skill      XL: |  1  2  3  4  5  6 |
---------------+-------------------+-----
Dodging        | 4 |  4.6
Maces & Flails | 1 3 4 |  4.7
Fighting       | 4 |  4.1
Armour         | 1 2 |  2.1
Shields        | 1 |  1.3
Long Blades    | |  3.9

Action                     |  1- 3 |  4- 6 || total
---------------------------+-------+-------++-------
  Melee: Falchion          |    28 |       ||    28
         Whip              |    24 |   100 ||   124
Ability: Whirlwind         |       |    11 ||    11
         Lunge             |       |     1 ||     1
    Use: Potion            |     1 |       ||     1
         Scroll            |       |     1 ||     1
 Armour: Ring mail         |    19 |    27 ||    46
         Robe              |     1 |       ||     1
  Dodge: Dodged            |    34 |    14 ||    48
  Block: Kite shield       |       |    34 ||    34
